 Dungeon Crawl Stone Soup version 0.21-a0-349-g0c35859 (webtiles) character file.

13620 4thArraOfDagon the Cleaver (level 11, -13/95 HPs)
             Began as a Minotaur Chaos Knight on Oct 7, 2017.
             Mangled by a three-headed hydra (14 damage)
             ... on level 13 of the Dungeon.
             The game lasted 00:32:51 (6993 turns).

4thArraOfDagon the Cleaver (Minotaur Chaos Knight)  Turns: 6993, Time: 00:32:51

Health: -13/95     AC: 13    Str: 20 (23) XL:     11   Next: 78%
Magic:  17/17      EV: 13    Int: 13      God:    Xom [..*...]
Gold:   523        SH:  4    Dex:  8 (12) Spells: 12/17 levels left

rFire    . . .     SeeInvis .   v - +2 war axe (flame)
rCold    + . .     Gourm    .   F - +0 buckler "Ocwy" {rC+ Str+4} (curse)
rNeg     . . .     Faith    .   P - +1 ring mail {MR+}
rPois    .         Spirit   .   (helmet restricted)
rElec    .         Reflect  .   (no cloak)
rCorr    .         Harm     .   Q - +2 pair of gloves {archery}
MR       +....                  f - +2 pair of boots
Stlth    +.........             u - amulet of rage
HPRegen  0.25/turn              e - +3 ring of intelligence
MPRegen  0.15/turn              (no ring)

@: no status effects
A: retaliatory headbutt, horns 2, thin skeletal structure 1, dopey 1, high mp 1,
screaming 1, strong 1
a: Renounce Religion, Evoke Berserk Rage


You were on level 13 of the Dungeon.
You worshipped Xom.
You were a toy of Xom.
You were not hungry.

You visited 1 branch of the dungeon, and saw 14 of its levels.
You also visited: Ossuary.

You collected 523 gold pieces.

Inventory:

Hand Weapons
 a - a +1 hand axe of chaos
 b - a +0 blowgun
 v - a +2 war axe of flaming (weapon)
 W - a +0 broad axe
Missiles
 n - 5 curare-tipped needles
Armour
 f - a +2 pair of boots (worn)
 p - a +0 robe of magic resistance
 w - a cursed -1 robe
 F - the cursed +0 buckler "Ocwy" (worn) {rC+ Str+4}
   (You found it on level 11 of the Dungeon)

   It affects your strength (+4).
   It protects you from cold.
   It has a curse placed upon it.
 P - a +1 ring mail of magic resistance (worn)
 Q - a +2 pair of gloves of archery (worn)
Magical Staves
 Z - an uncursed staff of summoning {unknown}
Jewellery
 e - a +3 ring of intelligence (left hand)
 u - an amulet of rage (around neck)
Wands
 J - a wand of iceblast (0/15)
 L - a wand of random effects (22/48)
 M - a wand of lightning (0/15)
 O - a wand of confusion (0/48)
Scrolls
 g - 3 scrolls of blinking {unknown}
 h - 3 scrolls of magic mapping
 i - 6 scrolls of remove curse
 k - 2 scrolls of recharging {unknown}
 o - 4 scrolls of amnesia {unknown}
 q - 3 scrolls of enchant armour
 r - 4 scrolls of enchant weapon
 s - 2 scrolls of fear {unknown}
 A - 3 scrolls of immolation
 E - a scroll of brand weapon {unknown}
 G - a scroll of teleportation
 H - 5 scrolls of identify {unknown}
 I - a scroll of vulnerability {unknown}
Potions
 d - a potion of ambrosia {unknown}
 l - a potion of agility
 x - 2 potions of curing {unknown}
 z - a potion of lignification
 C - a potion of berserk rage {unknown}
 D - a potion of invisibility {unknown}
 K - a potion of magic {unknown}
 R - a potion of resistance
 U - a potion of brilliance
Miscellaneous
 T - a phial of floods (inert)
Comestibles
 c - 2 bread rations
 j - 9 meat rations
 X - 3 royal jellies


   Skills:
 + Level 8.7 Fighting
 * Level 11.3 Axes
 - Level 3.7 Armour
 + Level 7.0 Dodging
 * Level 4.4 Shields
 + Level 3.9 Spellcasting
 * Level 6.5 Transmutations
 * Level 6.5 Earth Magic
 - Level 4.0 Evocations


You had 12 spell levels left.
You knew the following spells:

 Your Spells              Type           Power        Failure   Level  Hunger
a - Petrify               Tmut/Erth      ###.....     22%         4    ####...
b - Apportation           Tloc           #.....       34%         1    None


Dungeon Overview and Level Annotations

Branches:
Dungeon (14/15)            Temple (0/1) D:5            Lair (0/6) D:9
    Orc (0/2) D:9
 Vaults: D:13-14

Altars:
Cheibriados
Elyvilon
Makhleb
Okawaru
Uskayaw
Xom
The Shining One

Shops:
D:4 :

Annotations:
D:11 Urug


Innate Abilities, Weirdness & Mutations

You reflexively headbutt those who attack you in melee.
You have a pair of horns on your head.
You have a somewhat thin skeletal structure. (Dex +2, Stealth)
You are dopey. (Int -2)
You have an increased reservoir of magic. (+10% MP)
You occasionally shout uncontrollably at your foes.
Your muscles are strong. (Str +2)


Message History

Unknown command.
Unknown command.
Unknown command.
You chop one of the four-headed hydra's heads off!
The flame cauterises the wound!
You slash the three-headed hydra! You burn the three-headed hydra.
The three-headed hydra is severely wounded.
The three-headed hydra seems less confused.
You block the three-headed hydra's attack.
The three-headed hydra misses you. The three-headed hydra bites you!
* * * LOW HITPOINT WARNING * * *
Unknown command.
You hit the three-headed hydra. You burn the three-headed hydra.
You headbutt the three-headed hydra.
The three-headed hydra is severely wounded.
The three-headed hydra bites you!
* * * LOW HITPOINT WARNING * * *
The three-headed hydra bites you!
You die...
Xom titters!

*,,* #....>#.##....# **,*
#.....#.##.##.# *,*
###.###.##.##.# *,*
###.###....<..# *,*
###...D....#.#### *,*
#........_.#.#
*,*###.#######..#.#
*,*#..D# #..#.# ***
*,#.#.@# #..#.##### ,,*
*..*##.# #...<##... *,***
##*,#..# #.#####.##
*,,,***** *#.#.# #.# #.##
***,,,,,*****###.#######.#
#)##
*,,,***,,,,,,,*#.........#
#.##
*,*****,*****,*####...####
#.). ,,,,,,,,,,,**,* #...#
###### **,****,,*,*#,*
#...######.....


You could see a three-headed hydra.

Vanquished Creatures
  2 hydras
  2 centaur warriors (D:13)
  A two-headed ogre (D:10)
  An ugly thing (D:12)
  A kobold demonologist (D:11)
  Grinder (D:4)
  A hornet (D:11)
  2 slime creatures
  Prince Ribbit (D:7)
  A meliai zombie (D:13)
  2 dream sheep (D:9)
  2 yaks (D:9)
  A wyvern (D:13)
  2 hungry ghosts
  Menkaure (Ossuary)
  A warg (D:9)
  A two-headed ogre zombie (D:9)
  A soldier ant (D:11)
  An acid dragon (D:11)
  6 ice beasts
  8 orc warriors
  A black bear (D:6)
  2 sky beasts
  3 ogres
  4 centaurs
  2 necrophages
  A crocodile (D:9)
  6 big kobolds
  A gnoll sergeant (D:8)
  8 bullfrogs
  A wyvern zombie (D:8)
  5 scorpions
  A killer bee (D:9)
  2 troll zombies (D:9)
  8 wights
  3 crimson imps
  A bullfrog zombie (D:8)
  3 hounds
  2 centaur zombies
  3 jellies
  4 centaur skeletons
  8 orc priests
  Jessica (D:3)
  5 iguanas
  Natasha (D:4)
  13 orc wizards
  8 worker ants
  4 ogre zombies (D:9)
  A hound zombie (D:8)
  A hound skeleton (D:7)
  2 mummies (Ossuary)
  7 gnolls
  8 adders
  2 shadow imps
  2 adder zombies (D:9)
  A worm (D:4)
  2 dart slugs
  38 orcs
  2 ball pythons
  2 bats
  4 giant cockroaches
  5 gnoll zombies (Ossuary)
  4 goblins
  3 hobgoblins
  16 jackals
  4 quokkas
  5 frilled lizards
  4 gnoll skeletons (Ossuary)
  6 goblin skeletons
  5 goblin zombies
  3 hobgoblin skeletons (Ossuary)
  3 hobgoblin zombies
  2 jackal skeletons
  15 kobolds
  5 kobold skeletons (Ossuary)
  4 orc skeletons
  11 orc zombies (D:9)
  A quokka zombie (D:5)
  3 rats
  3 rat zombies (Ossuary)
314 creatures vanquished.

Vanquished Creatures (collateral kills)
  A steam dragon (D:13)
  A warg (D:9)
  A water moccasin (D:9)
  An orc warrior (D:9)
  2 ogres
  A centaur (D:9)
  A scorpion (D:9)
  2 killer bees (D:9)
  4 orc wizards (D:9)
  An orc priest (D:9)
  An iguana (D:10)
  A worker ant (D:9)
  An ogre zombie (D:9)
  A hound skeleton (D:4)
  4 orcs
  3 kobolds (D:8)
  A goblin zombie (D:9)
  An orc zombie (D:9)
28 creatures vanquished.

Vanquished Creatures (others)
  A mummy (Ossuary)
  2 gnoll zombies (Ossuary)
  A quokka (D:5)
  A gnoll skeleton (Ossuary)
  A goblin skeleton (Ossuary)
  3 goblin zombies (Ossuary)
  A hobgoblin skeleton (Ossuary)
  A hobgoblin zombie (Ossuary)
  2 kobold skeletons (Ossuary)
  2 kobold zombies (Ossuary)
  3 orc skeletons (Ossuary)
  An orc zombie (Ossuary)
  2 rat skeletons (Ossuary)
  5 rat zombies (Ossuary)
26 creatures vanquished.

Grand Total: 368 creatures vanquished

Notes
Turn   | Place    | Note
-------+----------+-------------------------------------------
     0 | D:1      | 4thArraOfDagon the Minotaur Chaos Knight began the quest for the Orb.
     0 | D:1      | Reached XP level 1. HP: 19/19 MP: 0/0
   123 | D:1      | Reached XP level 2. HP: 23/27 MP: 1/1
   128 | D:1      | Reached skill level 4 in Axes
   179 | D:2      | XOM: potion effect (brilliance)
   267 | D:2      | Reached XP level 3. HP: 33/33 MP: 2/2
   271 | D:3      | Found a hide-covered altar of Uskayaw.
   272 | D:3      | Noticed a dagger
   273 | D:3      | Noticed a hand axe
   320 | D:3      | Noticed Jessica
   330 | D:3      | HP: 1/33 [Jessica/nerve-wracking pain (10)]
   332 | D:3      | Killed Jessica
   341 | D:3      | Found an iron altar of Okawaru.
   390 | D:3      | Reached XP level 4. HP: 7/40 MP: 3/3
   393 | D:3      | XOM: god gift: bread ration
   396 | D:3      | Found a snail-covered altar of Cheibriados.
   478 | D:3      | Reached skill level 5 in Axes
   637 | D:4      | XOM: confusion (+ monsters)
   661 | D:4      | Reached XP level 5. HP: 25/47 MP: 4/4
   718 | D:4      | XOM: 3-stop teleportation journey
   721 | D:4      | XOM: summons friendly iron imp
   811 | D:4      | Found Dorufios's Book Boutique.
   890 | D:4      | Noticed Grinder
   893 | D:4      | Noticed Natasha
   894 | D:4      | Paralysed by Grinder for 3 turns
   904 | D:4      | Killed Natasha
   905 | D:4      | Killed Grinder
   905 | D:4      | Reached skill level 5 in Fighting
   905 | D:4      | Reached skill level 6 in Axes
   905 | D:4      | Reached XP level 6. HP: 34/56 MP: 4/6
   952 | D:5      | Entered Level 5 of the Dungeon
  1045 | D:5      | XOM: scenery: 1 doors open
  1053 | D:5      | Noticed a sky beast
  1061 | D:5      | Killed a sky beast
  1061 | D:5      | Reached skill level 1 in Spellcasting
  1081 | D:5      | Learned a level 4 spell: Petrify
  1103 | D:5      | Reached XP level 7. HP: 61/61 MP: 7/7
  1157 | D:5      | Learned a level 1 spell: Apportation
  1177 | D:5      | XOM: potion effect (might)
  1182 | D:5      | XOM: summons 2 friendly demons
  1260 | D:5      | Found a white marble altar of Elyvilon.
  1265 | D:5      | Reached skill level 1 in Transmutations
  1265 | D:5      | Reached skill level 1 in Earth Magic
  1265 | D:5      | Reached skill level 1 in Evocations
  1282 | D:5      | Reached skill level 7 in Axes
  1290 | D:5      | Found a staircase to the Ecumenical Temple.
  1437 | D:6      | XOM: confuse monster(s)
  1473 | D:6      | Reached XP level 8. HP: 62/70 MP: 9/9
  1526 | D:6      | Found a sand-covered staircase.
  1548 | Ossuary  | Entered an ossuary
  1775 | Ossuary  | Noticed Menkaure
  1781 | Ossuary  | Killed Menkaure
  1910 | D:6      | XOM: divination: detect creatures
  1961 | D:6      | XOM: summons 3 friendly demons
  1967 | D:6      | Found a shimmering altar of Xom.
  2007 | D:6      | Reached skill level 8 in Axes
  2119 | D:7      | Found a burning altar of Makhleb.
  2233 | D:7      | XOM: give mutations
  2233 | D:7      | Gained mutation: You have a pair of large horns on your head. [Xom's grace]
  2233 | D:7      | Gained mutation: You have a somewhat thin skeletal structure. (Dex +2, Stealth) [Xom's grace]
  2261 | D:7      | Noticed Prince Ribbit
  2272 | D:7      | XOM: harmless Air miscast
  2281 | D:7      | XOM: enchant monster (good)
  2322 | D:7      | Killed Prince Ribbit
  2322 | D:7      | Reached XP level 9. HP: 49/78 MP: 11/11
  2413 | D:7      | XOM: cloud trail
  2445 | D:8      | XOM: swap monsters
  2457 | D:8      | XOM: summons friendly white imp
  2465 | D:8      | XOM: butterfly on damage
  2473 | D:8      | Reached skill level 5 in Dodging
  2480 | D:8      | XOM: summons friendly ufetubus
  2684 | D:8      | XOM: enchant monster (bad)
  2736 | D:8      | XOM: silly message
  2744 | D:8      | XOM: divination: magic mapping
  2770 | D:7      | XOM: 2-stop teleportation journey
  2907 | D:8      | XOM: harmless Hex miscast
  2924 | D:7      | Reached skill level 9 in Axes
  3070 | D:8      | XOM: enchant monster (bad)
  3272 | D:9      | Found a staircase to the Lair.
  3283 | D:9      | Reached XP level 10. HP: 70/86 MP: 13/13
  3344 | D:9      | Found a glowing golden altar of the Shining One.
  3346 | D:9      | XOM: god gift: 25 gold pieces
  3359 | D:9      | XOM: potion effect (invisibility)
  3385 | D:9      | XOM: mild Air miscast
  3435 | D:9      | XOM: medium Chrm miscast
  3460 | D:9      | Found a staircase to the Orcish Mines.
  3464 | D:9      | XOM: summons 3 friendly demons
  3469 | D:9      | XOM: enchant monster (good)
  3683 | D:9      | XOM: swap monsters
  3695 | D:9      | Paralysed by fainting for 5 turns
  3695 | D:9      | XOM: medium Fire miscast
  3984 | D:10     | Entered Level 10 of the Dungeon
  3994 | D:10     | Noticed a gargoyle
  4066 | D:9      | XOM: mild Tmut miscast
  4137 | D:9      | XOM: harmless Conj miscast
  4156 | D:9      | Reached skill level 5 in Transmutations
  4156 | D:9      | Reached skill level 5 in Earth Magic
  4177 | D:9      | Noticed a three-headed hydra
  4177 | D:9      | XOM: confusion
  4178 | D:9      | XOM: swap monsters
  4182 | D:9      | XOM: summons 2 friendly demons
  4184 | D:9      | XOM: chaos upgrade
  4186 | D:9      | Killed a one-headed hydra
  4186 | D:9      | Reached skill level 10 in Axes
  4216 | D:9      | XOM: harmless Necr miscast
  4503 | D:10     | XOM: severe Pois miscast
  4515 | D:10     | Noticed a two-headed ogre
  4525 | D:10     | Killed a two-headed ogre
  4558 | D:10     | XOM: noise
  4588 | D:11     | Got a jewelled buckler
  4594 | D:11     | Identified the cursed +0 buckler "Ocwy" {rC+ Str+4} (You found it on level 11 of the Dungeon)
  4652 | D:11     | Reached skill level 1 in Shields
  4799 | D:11     | Reached XP level 11. HP: 74/94 MP: 15/15
  4837 | D:10     | XOM: harmless Hex miscast
  4929 | D:11     | XOM: harmless Ice miscast
  4940 | D:11     | Noticed Urug
  4952 | D:11     | XOM: cleaving
  4961 | D:11     | XOM: harmless Erth miscast
  5110 | D:11     | XOM: summons 1 hostile shadow creature
  5412 | D:11     | XOM: chaos cloud
  5535 | D:11     | XOM: 1-stop teleportation journey
  5634 | D:11     | XOM: torment (30/94 hp)
  5698 | D:11     | XOM: torment (28/94 hp)
  5794 | D:11     | XOM: give mutations
  5794 | D:11     | Gained mutation: You are dopey. (Int -2) [Xom's mischief]
  5794 | D:11     | Gained mutation: You occasionally shout uncontrollably at your foes. [Xom's mischief]
  5857 | D:10     | XOM: give mutations
  5857 | D:10     | Gained mutation: You evolve. [Xom's grace]
  5857 | D:10     | Gained mutation: Your muscles are strong. (Str +2) [Xom's grace]
  5857 | D:10     | Gained mutation: Your system is resistant to poisons. (rPois) [Xom's grace]
  5900 | D:10     | XOM: noise
  5909 | D:10     | XOM: scenery: 1 doors close
  5925 | D:10     | XOM: divination: magic mapping
  5935 | D:10     | XOM: medium Conj miscast
  6128 | D:12     | Noticed an ice dragon
  6128 | D:12     | a slime creature changed into an ice dragon
  6128 | D:12     | XOM: polymorph slime creature -> ice dragon
  6187 | D:13     | Noticed a wolf spider
  6207 | D:12     | Lost mutation: You are dopey. (Int -2) [mutagenic meat]
  6230 | D:12     | XOM: blink monster(s)
  6233 | D:12     | XOM: summons 4 hostile demons
  6271 | D:12     | Noticed a brown ugly thing
  6284 | D:12     | Killed a brown ugly thing
  6311 | D:12     | Gained mutation: You are dopey. (Int -2) [mutagenic meat]
  6312 | D:12     | Gained mutation: You have an increased reservoir of magic. (+10% MP) [mutagenic meat]
  6320 | D:12     | XOM: give mutations
  6320 | D:12     | Lost mutation: You evolve. [Xom's mischief]
  6320 | D:12     | Lost mutation: You have a pair of large horns on your head. [Xom's mischief]
  6320 | D:12     | Lost mutation: Your system is resistant to poisons. (rPois) [Xom's mischief]
  6372 | D:13     | XOM: enchant monster (bad)
  6374 | D:13     | HP: 2/95 [poisoned by a wolf spider]
  6374 | D:13     | XOM: swap monsters
  6378 | D:13     | XOM: enchant monster (bad)
  6389 | D:13     | XOM: 1-stop teleportation journey
  6534 | D:13     | Reached skill level 11 in Axes
  6739 | D:14     | Noticed a brown ugly thing
  6750 | D:13     | XOM: 2-stop teleportation journey
  6773 | D:13     | Noticed a centaur warrior
  6783 | D:13     | Killed a centaur warrior
  6788 | D:13     | Noticed a five-headed hydra
  6800 | D:13     | XOM: noise
  6804 | D:13     | Killed a one-headed hydra
  6805 | D:13     | Noticed a centaur warrior
  6819 | D:13     | Killed a centaur warrior
  6854 | D:13     | Noticed an enchanted long sword
  6864 | D:13     | XOM: severe Pois miscast
  6879 | D:13     | XOM: polymorph hornet -> wyvern
  6939 | D:13     | Noticed a four-headed hydra
  6940 | D:13     | XOM: scenery: create altars
  6946 | D:13     | XOM: fog
  6966 | D:13     | XOM: confuse monster(s)
  6986 | D:13     | XOM: cast spell 'Chain of Chaos'
  6993 | D:13     | HP: 1/95 [three-headed hydra (13)]
  6993 | D:13     | Mangled by a three-headed hydra

Vault maps used:
D:1:      kilobyte_arrival_exit_the_forest, minmay_close_crescents
D:2:      grunt_dithmenos_smoke, first_bread
D:3:      marbit_many_paths, kennysheep_slug_shrine, okawaru_trees_2,
          dancing_weapons_uskayaw, uniq_jessica
D:4:      serial_shops, kennysheep_mini, uniq_natasha, uniq_robin, uniq_grinder
D:5:      nicolae_ru_great_annihilating_truth, elyvilon_altar_4, temple_hall,
          kennysheep_minor_cross, minmay_checkerbox
D:6:      old_standard_altar, nicolae_ossuary_entry_monument,
          minmay_misc_feat_columns
D:7:      makhleb_blood_cavern_becter, uniq_menkaure, uniq_prince_ribbit1
D:9:      old_standard_altar, erik_lair_orcish_takeover, zombieorc2_lemuel,
          serial_shops, shop, hangedman_ranch
D:10:     glass_columns_a
D:11:     uniq_urug
D:12:     patterned_corridor
D:13:     statuecave_lemuel, erik_vaults_1, small_statue_intersection
D:14:     lab_entry_generic, bh_chokoban
Ossuary:  ossuary_due_pyramid

Skill      XL: |  1  2  3  4  5  6  7  8  9 10 11 |
---------------+----------------------------------+-----
Axes           | 4 5 6 7 8 9 10 11 | 11.3
Fighting       | 4 5 6 7 8 |  8.7
Armour         | 3 |  3.7
Dodging        | 2 3 4 5 6 7 |  7.0
Spellcasting   | 1 2 3 |  3.9
Transmutations | 1 3 4 5 6 |  6.5
Earth Magic    | 1 3 4 5 6 |  6.5
Evocations     | 1 2 3 4 |  4.0
Shields        | 1 4 |  4.4

Action                   |  1- 3 |  4- 6 |  7- 9 | 10-12 || total
-------------------------+-------+-------+-------+-------++-------
Melee: Hand axe          |    49 |    96 |   102 |       ||   247
       Headbutt          |     7 |    18 |    59 |    79 ||   163
       War axe           |       |       |   216 |   382 ||   598
 Abil: Evoke Berserk Rag |       |     1 |     2 |       ||     3
Evoke: Wand              |       |       |     7 |     6 ||    13
       Phial of floods   |       |       |       |     2 ||     2
  Use: Potion            |       |     1 |     1 |    10 ||    12
       Scroll            |       |     2 |     4 |     8 ||    14
 Stab: Paralysed         |       |     3 |     3 |       ||     6
       Confused          |       |       |     2 |     1 ||     3
       Distracted        |       |       |     1 |       ||     1
       Invisible         |       |       |       |     2 ||     2
  Eat: Chunk             |       |     1 |     6 |    10 ||    17
       Bread ration      |       |       |     1 |     1 ||     2
       Fruit             |       |       |       |    12 ||    12
       Royal jelly       |       |       |       |     2 ||     2
Armor: Leather armour    |    28 |     8 |       |       ||    36
       Chain mail        |       |    21 |    21 |       ||    42
       Scale mail        |       |     2 |       |       ||     2
       Plate armour      |       |       |   172 |    81 ||   253
       Ring mail         |       |       |       |    86 ||    86
       Skin              |       |       |       |    13 ||    13
Dodge: Dodged            |    31 |    51 |    93 |   178 ||   353
Block: Buckler           |       |       |       |    45 ||    45

Table legend:
 A = Spawn XP
 B = Non-spawn XP
 C = Spawn XP percentage of total XP
 D = Spawn monster count
 E = Non-spawn monster count
 F = Spawn count percentage of total count
 G = Total turns spent on level
                    A         B        C        D         E        F      G
               +---------+---------+-------+---------+---------+-------+---------
         Total |       0 |   19458 |   0.0 |       0 |     336 |   0.0 |  6993
               +---------+---------+-------+---------+---------+-------+---------
           D:1 |       0 |      18 |   0.0 |       0 |      11 |   0.0 |   176
           D:2 |       0 |      26 |   0.0 |       0 |       7 |   0.0 |    95
           D:3 |       0 |     134 |   0.0 |       0 |      21 |   0.0 |   342
           D:4 |       0 |     360 |   0.0 |       0 |      16 |   0.0 |   339
           D:5 |       0 |     565 |   0.0 |       0 |      29 |   0.0 |   450
           D:6 |       0 |    1166 |   0.0 |       0 |      22 |   0.0 |   360
           D:7 |       0 |    1068 |   0.0 |       0 |      17 |   0.0 |   689
           D:8 |       0 |    1527 |   0.0 |       0 |      37 |   0.0 |   699
           D:9 |       0 |    4268 |   0.0 |       0 |      76 |   0.0 |   956
          D:10 |       0 |    1453 |   0.0 |       0 |      20 |   0.0 |   403
          D:11 |       0 |    2153 |   0.0 |       0 |      26 |   0.0 |  1193
          D:12 |       0 |    1727 |   0.0 |       0 |       8 |   0.0 |   365
          D:13 |       0 |    4822 |   0.0 |       0 |      22 |   0.0 |   650
          D:14 |       0 |      37 |   0.0 |       0 |       1 |   0.0 |     6
       Ossuary |       0 |     134 |   0.0 |       0 |      23 |   0.0 |   270
               +---------+---------+-------+---------+---------+-------+---------
